 Dungeon Crawl Stone Soup version 0.23.2-1-ga50397a (webtiles) character file.

Game seed: 1036773161678239618

348 MalarOregon the Twirler (level 6, 0/52 HPs)
             Began as a Ghoul Gladiator on May 26, 2019.
             Was an Initiate of Nemelex Xobeh.
             Slain by a river rat (2 damage)
             ... summoned by Eustachio
             ... on level 4 of the Dungeon.
             The game lasted 00:06:31 (3374 turns).

MalarOregon the Twirler (Ghoul Gladiator)           Turns: 3374, Time: 00:06:32

Health: 0/52       AC:  6    Str: 16 (18) XL:     6   Next: 60%
Magic:  6/6        EV: 12    Int:  0 (5)  God:    Nemelex Xobeh [......]
Gold:   180        SH:  0    Dex:  8 (10) Spells: 5/5 levels left

rFire    + + .     SeeInvis .   a - +0 quarterstaff
rCold    + + +     Gourm    .   (shield currently unavailable)
rNeg     + + +     Faith    .   b - +0 leather armour
rPois    ∞         Spirit   .   n - +2 helmet
rElec    +         Reflect  .   f - scarf {rC+ rF+}
rCorr    +         Harm     .   (no gloves)
MR       .....     Rnd*Tele +   (no boots)
Stlth    ++........             (no amulet)
HPRegen  0.00/turn              r - ring of stealth
MPRegen  0.10/turn              s - ring of teleportation (curse)

@: resistant, rotting, slowed, lost intelligence, very slow
A: rotting body, claws 1, carnivore, cold resistance 1, negative energy
resistance 3, inhibited regeneration, torment resistance, unbreathing
a: Draw Escape, Draw Destruction, Draw Summoning, Renounce Religion


You were on level 4 of the Dungeon.
You worshipped Nemelex Xobeh.
Nemelex Xobeh was noncommittal.
You were not hungry.

You visited 1 branch of the dungeon, and saw 4 of its levels.

You collected 180 gold pieces.

Inventory:

Hand Weapons
 a - a +0 quarterstaff (weapon)
Missiles
 d - 3 throwing nets (quivered) {!f}
 l - 3 needles of sleeping
Armour
 b - a +0 leather armour (worn)
 f - a scarf of resistance (worn)
   (You found it on level 2 of the Dungeon)
 n - a +2 helmet (worn)
   (You found it on level 2 of the Dungeon)
 y - a +0 pair of gloves
   (You found it on level 4 of the Dungeon)
Jewellery
 r - a ring of stealth (left claw)
   (You found it on level 3 of the Dungeon)
 s - a cursed ring of teleportation (right claw)
   (You found it on level 3 of the Dungeon)
Scrolls
 c - 2 scrolls of enchant weapon {unknown}
 h - 3 scrolls of magic mapping {unknown}
 k - 2 scrolls of teleportation {unknown}
 t - 2 scrolls of identify {unknown}
 u - a scroll of remove curse {unknown}
 v - a scroll of blinking {unknown}
 w - a scroll of amnesia {unknown}
 x - a scroll of fear {unknown}
Potions
 g - a potion of berserk rage
 j - 2 potions of resistance
 m - a potion of lignification
 o - a potion of magic
Comestibles
 e - 7 rations {!d}


   Skills:
 + Level 3.9 Fighting
 * Level 4.6 Staves
 - Level 2.0 Throwing
 + Level 2.3 Armour
 - Level 3.0 Dodging
 + Level 1.8 Invocations


You had 5 spell levels left.
You didn't know any spells.
Your spell library was empty.

Dungeon Overview and Level Annotations

Branches:
Dungeon (4/15)
 Temple: D:4-7

Altars:
Nemelex Xobeh

Annotations:
D:4 Eustachio


Innate Abilities, Weirdness & Mutations

Your body is rotting away.
You thrive on raw meat.
You are immune to poison.
You have sharp fingernails.
You are carnivorous and can eat meat at any time.
Your flesh is cold resistant. (rC+)
You are immune to negative energy. (rN+++)
You do not regenerate when monsters are visible.
You are immune to unholy pain and torment.
You can survive without breathing.


Message History

You almost manage to decipher the scroll, but fail in this attempt.
The quokka bites you but does no damage.
The river rat barely misses you.
Eustachio mumbles some strange words.
You almost manage to decipher the scroll, but fail in this attempt.
The quokka bites you but does no damage.
The river rat bites you.
* * * LOW HITPOINT WARNING * * *
Eustachio gestures wildly while chanting.
You see a puff of smoke.
The quasit enters a dispersal trap!
The ufetubus blinks!
Eustachio blinks!
The bat blinks!
The quokka blinks!
The river rat blinks!
You blink.
The river rat bites you.
* * * LOW HITPOINT WARNING * * *
The river rat twitches its whiskers.
Okay, then.
You aren't carrying any items that you can evoke.
Okay, then.
You almost manage to decipher the scroll, but fail in this attempt.
The quokka barely misses you. The river rat barely misses you.
The quasit enters a dispersal trap!
The ufetubus blinks!
Eustachio blinks!
The quokka barely misses you.
You barely miss the quokka. The river rat barely misses you.
The quokka bites you but does no damage.
The river rat bites you.
* * * LOW HITPOINT WARNING * * *
The quokka closely misses you.
Eustachio screams, "At last I'll have my revenge!"
Okay, then.
You feel protected.
The quasit gives a chilling moan.
The quokka bites you.
* * * LOW HITPOINT WARNING * * *
The river rat closely misses you. The quokka bites you.
* * * LOW HITPOINT WARNING * * *
The river rat misses you.
Wield which item (- for none, * to show all)? (? for menu, Esc to quit)
Okay, then.
Okay, then.
Put on which piece of jewellery? (? for menu, Esc to quit)
Okay, then.
You almost manage to decipher the scroll, but fail in this attempt.
The quokka bites you but does no damage.
The river rat barely misses you.
You almost manage to decipher the scroll, but fail in this attempt.
The quokka barely misses you. The river rat closely misses you.
The quokka barely misses you.
Eustachio mumbles some strange words.
The river rat bites you.
You die...
Your body disappears without a glow.

##########
#.^.......
#5######## #5# #r#
#r# #@#
################r#
.......§..@§.r.@b#
...÷....>#########
...÷...#.#
######.#.# #....#
#....# #....#


You could see Eustachio, a quasit, 2 river rats, an ufetubus, a quokka and a
bat.

Vanquished Creatures
  A scorpion (D:4)
  A howler monkey (D:4)
  2 hounds (D:4)
  2 iguanas (D:4)
  7 adders
  A worm (D:3)
  A dart slug (D:1)
  2 leopard geckos
  8 orcs
  2 ball pythons
  4 giant cockroaches
  6 goblins
  6 hobgoblins
  6 jackals
  7 kobolds
  A quokka (D:3)
  4 bats
  2 frilled lizards (D:1)
  7 rats
70 creatures vanquished.

Notes
Turn   | Place    | Note
-------+----------+-------------------------------------------
     0 | D:1      | MalarOregon the Ghoul Gladiator began the quest for the
                  | Orb.
     0 | D:1      | Reached XP level 1. HP: 17/17 MP: 0/0
    32 | D:1      | Reached XP level 2. HP: 15/25 MP: 1/1
   340 | D:1      | Reached skill level 3 in Staves
   680 | D:2      | Reached XP level 3. HP: 18/30 MP: 2/2
   830 | D:2      | Reached skill level 1 in Armour
  1172 | D:2      | Reached XP level 4. HP: 35/37 MP: 3/3
  2078 | D:3      | Reached XP level 5. HP: 43/45 MP: 4/4
  2391 | D:3      | Found a sparkling altar of Nemelex Xobeh.
  2486 | D:3      | Became a worshipper of Nemelex Xobeh the Trickster
  2586 | D:4      | Noticed Eustachio
  2590 | D:4      | Received a gift from Nemelex Xobeh
  2627 | D:4      | Reached skill level 4 in Staves
  2925 | D:4      | Reached skill level 1 in Invocations
  2953 | D:4      | Reached XP level 6. HP: 3/51 MP: 4/6
  3361 | D:4      | Lost intelligence.
  3372 | D:4      | HP: 2/52 [quokka[Eustachio] (1)]
  3374 | D:4      | Slain by a river rat

Skill      XL: |  1  2  3  4  5 |
---------------+----------------+-----
Throwing       | 2 |  2.0
Staves         | 3 4 |  4.6
Dodging        | 3 |  3.0
Armour         | 1 2 |  2.3
Fighting       | 3 |  3.9
Invocations    | 1 |  1.8

Action                   |  1- 3 |  4- 6 || total
-------------------------+-------+-------++-------
Melee: Quarterstaff      |    97 |   183 ||   280
 Abil: Draw Destruction  |       |     3 ||     3
       Draw Escape       |       |     1 ||     1
  Use: Potion            |       |     8 ||     8
 Stab: Sleeping          |       |     2 ||     2
       Distracted        |       |     1 ||     1
  Eat: Chunk             |     2 |    20 ||    22
       Ration            |       |     1 ||     1
Armor: Leather armour    |    38 |    72 ||   110
Dodge: Dodged            |    69 |   159 ||   228
